 Dungeon Crawl Stone Soup version 0.20.1-1-g8b1a95d (webtiles) character file.

46 TheGuigne the Magician (level 3, -4/19 HPs)
             Began as a Gargoyle Wizard on Aug 20, 2017.
             Slain by a worm (7 damage)
             ... on level 1 of the Dungeon.
             The game lasted 00:06:34 (1960 turns).

TheGuigne the Magician (Gargoyle Wizard)            Turns: 1960, Time: 00:06:35

Health: -4/19      AC:  5    Str: 10    XL:     3   Next: 68%
Magic:  3/8        EV: 12    Int: 19    God:
Gold:   28         SH:  0    Dex:  8    Spells: 8/9 levels left

rFire    . . .     SeeInvis .   f - +0 dagger
rCold    . . .     Gourm    .   (no shield)
rNeg     + . .     Faith    .   a - +0 robe
rPois    ∞         Spirit   .   b - +0 hat
rElec    +         Reflect  .   (no cloak)
rCorr    +         Harm     .   (no gloves)
MR       .....                  (no boots)
Stlth    ++........             (no amulet)
Regen    0.1/turn               g - ring of resist corrosion
MPRegen  0.2/turn               (no ring)

@: no status effects
A: negative energy resistance 1, electricity resistance, unbreathing,
petrification resistance, rot immunity, AC +3
a: no special abilities


You were on level 1 of the Dungeon.
You were not hungry.

You visited 1 branch of the dungeon, and saw 2 of its levels.

You collected 28 gold pieces.

Inventory:

Hand Weapons
 f - a +0 dagger (weapon)
Armour
 a - a +0 robe (worn)
 b - a +0 hat (worn)
Jewellery
 g - a ring of resist corrosion (left hand)
Scrolls
 e - a scroll of remove curse {unknown}
 h - 2 scrolls of identify {unknown}
 k - a scroll of immolation {unknown}
 p - a scroll of recharging {unknown}
Potions
 i - a potion of heal wounds {unknown}
 j - a potion of curing {unknown}
 l - a potion of might {unknown}
 m - a potion of haste {unknown}
 o - a potion of degeneration {unknown}
Books
 c - a book of Minor Magic

   Spells                             Type                      Level
   a - Magic Dart                     Conjuration                  1
   b - Blink                          Translocation                2
   c - Call Imp                       Summoning                    2
   d - Slow                           Hexes                        2
   e - Conjure Flame                  Conjuration/Fire             3
   f - Mephitic Cloud                 Conjuration/Poison/Air       3
Comestibles
 d - 3 bread rations


   Skills:
 - Level 1.5 Dodging
 - Level 2.1 Stealth
 + Level 3.8 Spellcasting
 * Level 2.5 Conjurations
   Level 0.8 Summonings
   Level 0.8 Translocations


You had 8 spell levels left.
You knew the following spells:

 Your Spells              Type           Power        Failure   Level  Hunger
a - Magic Dart            Conj           ##..         4%          1    None


Dungeon Overview and Level Annotations

Branches:
Dungeon (2/15)

Altars:


Innate Abilities, Weirdness & Mutations

You are resistant to torment.
Your stone body is resilient. (AC +3)
You are immune to poison.
You resist negative energy. (rN+)
You are resistant to electric shocks. (rElec)
You can survive without breathing.
You are immune to petrification.
You are immune to rotting.


Message History

Aiming: Magic Dart
Press: ? - help, Shift-Dir - straight line, f/p - worm
Aim: a worm (moderately wounded)
The magic dart hits the worm.
The worm is heavily wounded.
The worm closely misses you.
Casting: Magic Dart
Confirm with . or Enter, or press ? or * to list all spells.
Aiming: Magic Dart
Press: ? - help, Shift-Dir - straight line, f/p - worm
Aim: a worm (moderately wounded)
The magic dart hits the worm.
The worm is severely wounded.
The worm bites you!
* * * LOW HITPOINT WARNING * * *
You climb upwards.
All of the chunks of flesh in your inventory have rotted away.
There is a stone staircase leading down here.
The worm bites you!
You die...

#....#..##.###....##########
#..........# #....#
######..........# #....#
................# #....#####
#########.......#
#........######
.........####...#
#.............#
####..##.#####..#
#.......[...... ##.....#...#
#.w#####............
.........#.#
##>@...'............
######...#.#
#######............
#...b#..##.# #.....#.....#
#.>..#..##.# #.....#######
#$!?.#..##.# #.....# #
#....#.###.# #.....# #
######.# #.# ####### #
.......# #.# # ##########.#
#


You could see a worm.

Vanquished Creatures
  2 adders (D:2)
  A dart slug (D:1)
  A leopard gecko (D:2)
  2 giant cockroaches (D:1)
  3 hobgoblins
  5 jackals
  4 bats
  2 frilled lizards
  2 goblins (D:1)
  2 kobolds
24 creatures vanquished.

Notes
Turn   | Place    | Note
-------+----------+-------------------------------------------
     0 | D:1      | TheGuigne the Gargoyle Wizard began the quest for the Orb.
     0 | D:1      | Reached XP level 1. HP: 10/10 MP: 4/4
     9 | D:1      | Noticed a bullfrog
   700 | D:1      | Reached XP level 2. HP: 8/15 MP: 1/6
  1500 | D:2      | Reached XP level 3. HP: 19/19 MP: 6/8
  1960 | D:1      | Slain by a worm

Skill      XL: |  1  2 |
---------------+-------+-----
Conjurations   | 2 |  2.5
Dodging        | |  1.5
Stealth        | |  2.1
Spellcasting   | |  3.8
Summonings     | |  0.8
Translocations | |  0.8

Action                   || total
-------------------------++-------
Melee: Unarmed           ||    19
       Dagger            ||    20
 Cast: Magic Dart        ||    82
  Eat: Royal jelly       ||     1
       Chunk             ||     1
Armor: Robe              ||    47
Dodge: Dodged            ||   100
